Map: Lightshade LE

Players

Nice - Winner!

  • Race: Protoss Protoss

Has

  • Race: Protoss Protoss

VOD

Have the link to the VOD?

Description

Time

  • Played on: Oct. 2, 2021, 10:05 a.m.
  • Length: 8:31
Show
View Real Time Build Order
Export as new Build Order

Nice Protoss - Winner!

Build Orders: Oracle Opening 

Get SALT Encoding   

  12  0:00  Probe  
  13  0:12  Probe  
  14  0:17  Pylon  
  14  0:24  Probe  
  15  0:36  Probe (Chrono Boost)  
  15  0:37  Gateway  
  16  0:47  Assimilator, Probe (Chrono Boost)  
  17  0:52  Probe (Chrono Boost)  
  17  0:55  Assimilator  
  18  1:02  Probe (Chrono Boost)  
  19  1:08  Gateway  
  19  1:13  Probe (Chrono Boost)  
  20  1:18  Probe (Chrono Boost)  
  21  1:26  Cybernetics Core  
  21  1:29  Probe  
  22  1:37  Pylon  
  22  1:42  Probe  
  23  2:03  Stargate  
  23  2:04  Adept x2  
  27  2:12  Shield Battery  
  27  2:13  Warp Gate  
  27  2:16  Probe  
  28  2:24  Pylon  
  28  2:31  Probe  
  29  2:41  Adept  
  29  2:42  Adept  
  33  2:47  Oracle (Chrono Boost)  
  36  3:18  Oracle (Chrono Boost)  
  36  3:22  Pylon  
  36  3:26  Shield Battery  
  37  3:46  Void Ray (Chrono Boost)  
  37  3:48  Nexus  
  41  4:02  Stalker  
  43  4:04  Stalker  
  43  4:07  Probe  
  44  4:19  Probe  
  44  4:22  Shield Battery  
  45  4:24  Pylon  
  43  4:32  Void Ray (Chrono Boost)  
  47  4:45  Probe  
  46  4:47  Stalker  
  46  4:51  Stalker  
  48  4:57  Probe  
  47  5:09  Probe  
  48  5:17  Stalker x2  
  52  5:22  Probe  
  52  5:23  Probe  
  54  5:35  Probe  
  56  5:42  Probe  
  56  5:47  Stalker x2, Probe  
  61  5:55  Pylon  
  62  5:57  Void Ray (Chrono Boost)  
  66  6:14  Stalker  
  67  6:20  Stalker  
  67  6:22  Probe  
  70  6:39  Probe  
  71  6:40  Stalker  
  71  6:41  Shield Battery  
  71  6:42  Gateway  
  73  6:48  Stalker  
  73  6:50  Probe  
  74  7:17  Stalker  
  74  7:18  Stalker  
  78  7:31  Probe x2  
  78  7:38  Void Ray, Pylon  
  78  7:40  Pylon  
  78  7:43  Probe  
  77  7:50  Pylon  
  77  7:51  Shield Battery  
  77  8:03  Stalker x2  
  77  8:04  Stalker  
  77  8:05  Probe  
  78  8:07  Probe  
  78  8:11  Pylon  
  79  8:17  Probe  
Show
View Real Time Build Order
Export as new Build Order

Has Protoss 

Build Orders:  

Get SALT Encoding   

  12  0:00  Probe  
  13  0:12  Probe  
  14  0:17  Pylon  
  14  0:24  Probe (Chrono Boost)  
  16  0:36  Gateway, Probe (Chrono Boost)  
  16  0:41  Probe (Chrono Boost)  
  16  0:46  Assimilator  
  17  0:53  Probe  
  17  0:54  Assimilator  
  18  1:03  Gateway  
  18  1:06  Probe (Chrono Boost)  
  19  1:15  Probe (Chrono Boost)  
  20  1:20  Probe (Chrono Boost)  
  20  1:24  Cybernetics Core  
  21  1:30  Pylon  
  21  1:33  Probe  
  22  1:45  Probe  
  23  1:57  Probe  
  23  2:00  Stalker x2, Warp Gate  
  28  2:07  Pylon  
  28  2:10  Probe  
  29  2:20  Pylon  
  29  2:26  Robotics Facility  
  29  2:38  Stalker  
  29  2:39  Stalker  
  29  2:40  Probe  
  34  2:50  Pylon  
  34  2:53  Probe  
  35  3:05  Shield Battery  
  35  3:15  Warp Prism (Chrono Boost), Shield Battery  
  36  3:21  Probe  
  37  3:41  Probe  
  38  3:44  Shield Battery  
  38  3:46  Pylon  
  38  3:50  Adept  
  38  3:51  Adept  
  42  3:58  Observer (Chrono Boost)  
  43  4:04  Nexus  
  43  4:11  Adept  
  43  4:12  Adept  
  43  4:15  Probe  
  48  4:29  Probe  
  41  4:41  Probe  
  42  4:47  Twilight Council  
  42  4:53  Probe  
  41  5:05  Probe  
  42  5:08  Stalker x2  
  46  5:17  Probe x2 (Chrono Boost)  
  46  5:20  Blink (Chrono Boost)  
  48  5:28  Probe x2 (Chrono Boost)  
  50  5:35  Stalker  
  48  5:46  Shield Battery  
  48  5:47  Shield Battery  
  48  5:48  Probe  
  43  5:57  Stalker  
  43  5:58  Stalker  
  45  6:05  Pylon  
  45  6:12  Probe x2  
  47  6:20  Stalker  
  47  6:22  Stalker  
  47  6:24  Probe  
  52  6:28  Probe  
  51  6:41  Probe  
  51  6:44  Stalker x2  
  56  6:47  Shield Battery  
  56  7:00  Shield Battery  
  56  7:03  Probe x2  
  53  7:08  Stalker x2  
  44  7:15  Probe  
  44  7:20  Probe  
  44  7:21  Pylon  
  43  7:28  Probe  
  42  7:33  Probe  
  42  7:35  Stalker  
  45  7:43  Probe  
  44  7:47  Stalker  
  44  7:50  Probe  
  39  7:58  Stalker  
  39  7:59  Probe  
  39  8:03  Probe  
  40  8:11  Probe  
Tags
 
Add a new tag
Caveats
  • Supply blocks, unpowered buildings, or Contaminate may cause inaccurate times.
  • Supply counts are checked every 10 seconds.